 Dungeon Crawl Stone Soup version 0.23-a0-539-g3f6f39f (webtiles) character file.

1221 Lanoc the Ducker (level 8, -30/67 HPs)
             Began as a Gnoll Monk on Dec 7, 2018.
             Was the Champion of Jiyva.
             Hit by a large rock thrown by a cyclops (39 damage)
             ... on level 7 of the Dungeon.
             The game lasted 00:13:32 (4568 turns).

Lanoc the Ducker (Gnoll Monk)                       Turns: 4568, Time: 00:13:34

Health: -30/67     AC:  6    Str: 19    XL:     8   Next: 47%
Magic:  12/12      EV: 17    Int: 15    God:    Jiyva [******]
Gold:   292        SH:  0    Dex: 18    Spells: 13/13 levels left

rFire    . . .     SeeInvis .   y - +2 spear (pierce)
rCold    + . .     Gourm    .   (no shield)
rNeg     . . .     Faith    .   b - +0 robe
rPois    .         Spirit   .   (helmet restricted)
rElec    .         Reflect  .   (no cloak)
rCorr    +         Harm     .   h - +0 pair of gloves
MR       .....                  (no boots)
Stlth    +++.......             e - amulet of rage
HPRegen  0.21/turn              q - +3 ring of strength
MPRegen  0.13/turn              C - +3 ring of intelligence

@: about to teleport
A: distributed training, fangs 1, horns 1, molten scales 1, cold resistance 1,
shaggy fur 1, strong nose
a: Request Jelly, Slimify, Cure Bad Mutation, Renounce Religion, Evoke Berserk
Rage


You were on level 7 of the Dungeon.
You worshipped Jiyva.
Jiyva was exalted by your worship.
You were not hungry.

You visited 1 branch of the dungeon, and saw 8 of its levels.

You collected 292 gold pieces.

Inventory:

Hand Weapons
 a - a +0 falchion
 y - a +2 spear of piercing (weapon)
Missiles
 t - 11 bolts
 F - 50 arrows
Armour
 b - a +0 robe (worn)
 h - a +0 pair of gloves (worn)
Jewellery
 e - an amulet of rage (around neck)
 q - a +3 ring of strength (left hand)
 u - an uncursed ring of fire
 x - an uncursed ring of see invisible
 C - a +3 ring of intelligence (right hand)
Wands
 l - a wand of paralysis (6)
 A - a wand of random effects (22)
Scrolls
 d - 5 scrolls of identify {unknown}
 f - a scroll of fear
 g - 3 scrolls of immolation {unknown}
 i - 2 scrolls of remove curse
 k - 2 scrolls of enchant armour {unknown}
 m - 5 scrolls of teleportation
 r - a scroll of random uselessness {unknown}
 v - a scroll of amnesia {unknown}
 w - 2 scrolls of magic mapping {unknown}
Potions
 j - a potion of lignification {unknown}
 n - 3 potions of flight {unknown}
 o - a potion of mutation {unknown}
 p - 3 potions of haste {unknown}
 s - a potion of heal wounds {unknown}
 z - a potion of invisibility
 B - a potion of ambrosia {unknown}
 D - a potion of curing {unknown}
Comestibles
 c - 5 rations


   Skills:
 + Level 7.3 Fighting
 + Level 3.2 Short Blades
 + Level 7.3 Long Blades
 + Level 3.2 Axes
 + Level 3.2 Maces & Flails
 + Level 3.2 Polearms
 + Level 3.2 Staves
 + Level 3.2 Slings
 + Level 3.2 Bows
 + Level 3.2 Crossbows
 + Level 3.2 Throwing
 + Level 3.2 Armour
 + Level 7.3 Dodging
 + Level 5.3 Stealth
 + Level 3.2 Shields
 + Level 3.2 Unarmed Combat
 + Level 3.2 Spellcasting
 + Level 2.6 Conjurations
 + Level 2.6 Hexes
 + Level 2.6 Charms
 + Level 2.6 Summonings
 + Level 2.6 Necromancy
 + Level 2.6 Translocations
 + Level 2.6 Transmutations
 + Level 2.6 Fire Magic
 + Level 2.6 Ice Magic
 + Level 2.6 Air Magic
 + Level 2.6 Earth Magic
 + Level 2.6 Poison Magic
 + Level 3.5 Invocations
 + Level 3.2 Evocations


You had 13 spell levels left.
You didn't know any spells.
Your spell library contained the following spells:

 Spells                   Type           Power        Failure   Level  Hunger
 Beastly Appendage        Tmut           ##....       7%          1    #......
 Corona                   Hex            ##.....      7%          1    #......
 Ensorcelled Hibernation  Hex/Ice        ##....       10%         2    ##.....
 Sticks to Snakes         Tmut           ##......     10%         2    ##.....
 Confuse                  Hex            ##......     21%         3    ###....
 Dazzling Spray           Conj/Hex       ##....       21%         3    ###....
 Spider Form              Tmut/Pois      ##........   21%         3    ###....
 Tukima's Dance           Hex            ##......     21%         3    ###....
 Ice Form                 Ice/Tmut       ##......     54%         4    #####..
 Blade Hands              Tmut           ##........   88%         5    ######.


Dungeon Overview and Level Annotations

Branches:
Dungeon (8/15)             Temple (0/1) D:4
   Lair: D:8-11

Altars:
Gozag
Kikubaaqudgha
Makhleb
Nemelex Xobeh
Okawaru
Ru
Sif Muna
Trog
Wu Jian
Yredelemnul
Zin
Jiyva


Innate Abilities, Weirdness & Mutations

Your experience applies equally to all skills.
You have very sharp teeth.
Your uncanny sense of smell can sniff out nearby items.
You have a pair of small horns on your head.
You are partially covered in molten scales. (AC +2)
Your flesh is cold resistant. (rC+)
You are covered in fur. (AC +1)


Message History

The jackal closely misses you.
The jackal bites you but does no damage. x2
Found a falchion.
The jackal barely misses you. The jackal zombie closely misses you.
The jackal closely misses you.
The jackal zombie bites you but does no damage.
The jackal barely misses you. The jackal closely misses you.
The centaur zombie misses you.
A cyclops comes into view.
The cyclops shouts!
The cyclops throws a large rock.
The large rock hits you!
* * * LOW HITPOINT WARNING * * *
You see here a large rock.
As you read the scroll of teleportation, it crumbles to dust.
You feel strangely unstable. The jackal misses you.
The centaur zombie hits you.
* * * LOW HITPOINT WARNING * * *
The cyclops throws a large rock.
The large rock hits you!!!
Ouch! That really hurt!
You die...

#.. .. #.. #.. ..#
####.###..##.. ..###.C
.......#... ###.....
#.......... ##......
##).....##. ..#......
#..........
........######........#.
∆ #..@hZh.##.....?...#
#.....Z.l...........##
##.#..h.....)(.((.(.## #
##...........#.#..#
#.##.......####...
#.#.......## ....
#......#.?.. #...
#.#....##... #...
..##..###..). ...


You could see a cyclops, an iguana, a jackal zombie, a centaur zombie and 3
jackals.

Vanquished Creatures
  A hungry ghost (D:7)
  An ice beast (D:5)
  A black bear (D:6)
  3 centaurs
  A bullfrog (D:6)
  A howler monkey (D:7)
  A crimson imp (D:6)
  A bullfrog zombie (D:6)
  2 hounds
  2 centaur skeletons
  An orc priest (D:3)
  2 orc wizards
  Natasha (twice) (D:2)
  An iguana (D:6)
  A worker ant (D:7)
  A hound skeleton (D:6)
  5 adders
  4 gnolls (D:6)
  2 shadow imps
  2 worms (D:2)
  5 leopard geckos
  8 orcs
  6 bats
  3 giant cockroaches
  5 hobgoblins
  7 jackals
  2 quokkas
  5 frilled lizards
  8 goblins
  6 kobolds
  A leopard gecko skeleton (D:4)
  A quokka zombie (D:5)
  5 rats
97 creatures vanquished.

Vanquished Creatures (others)
  2 centaurs
  A crimson imp (D:6)
  An orc wizard (D:5)
  Ijyb (D:4)
  Natasha (D:2)
  A worker ant (D:4)
  A hound skeleton (D:4)
  3 adders
  6 orcs
  9 jackals
  A ball python (D:2)
  A frilled lizard (D:4)
  A leopard gecko zombie (D:5)
29 creatures vanquished.

Grand Total: 126 creatures vanquished

Notes
Turn   | Place    | Note
-------+----------+-------------------------------------------
     0 | D:1      | Lanoc the Gnoll Monk began the quest for the Orb.
     0 | D:1      | Reached XP level 1. HP: 23/23 MP: 1/1
   177 | D:1      | Reached XP level 2. HP: 29/29 MP: 2/2
   875 | D:2      | Found an ornate altar of the Wu Jian Council.
   968 | D:2      | Found a faded altar of an unknown god.
   970 | D:2      | Noticed Natasha
   975 | D:2      | Noticed a crimson imp
   982 | D:2      | Killed Natasha
   982 | D:2      | Reached skill level 1 in Invocations
   982 | D:2      | Reached XP level 3. HP: 8/35 MP: 2/4
   991 | D:2      | Became a worshipper of Jiyva Juhats the Shapeless
   991 | D:2      | Reached * piety under Jiyva
   991 | D:2      | Reached ** piety under Jiyva
  1165 | D:2      | Reached *** piety under Jiyva
  1224 | D:2      | Reached skill level 1 in Short Blades
  1224 | D:2      | Reached skill level 1 in Axes
  1224 | D:2      | Reached skill level 1 in Maces & Flails
  1224 | D:2      | Reached skill level 1 in Polearms
  1224 | D:2      | Reached skill level 1 in Staves
  1224 | D:2      | Reached skill level 1 in Slings
  1224 | D:2      | Reached skill level 1 in Bows
  1224 | D:2      | Reached skill level 1 in Crossbows
  1224 | D:2      | Reached skill level 1 in Throwing
  1224 | D:2      | Reached skill level 1 in Armour
  1224 | D:2      | Reached skill level 1 in Shields
  1224 | D:2      | Reached skill level 1 in Unarmed Combat
  1224 | D:2      | Reached skill level 1 in Spellcasting
  1224 | D:2      | Reached skill level 1 in Evocations
  1274 | D:2      | Noticed Natasha
  1291 | D:2      | Killed Natasha
  1291 | D:2      | Reached XP level 4. HP: 23/41 MP: 5/5
  1432 | D:2      | Killed Natasha
  1434 | D:2      | Gained mutation: Armour fits poorly on your strangely
                  | shaped body. [Jiyva's grace]
  1486 | D:2      | Reached skill level 1 in Conjurations
  1486 | D:2      | Reached skill level 1 in Hexes
  1486 | D:2      | Reached skill level 1 in Charms
  1486 | D:2      | Reached skill level 1 in Summonings
  1486 | D:2      | Reached skill level 1 in Necromancy
  1486 | D:2      | Reached skill level 1 in Translocations
  1486 | D:2      | Reached skill level 1 in Transmutations
  1486 | D:2      | Reached skill level 1 in Fire Magic
  1486 | D:2      | Reached skill level 1 in Ice Magic
  1486 | D:2      | Reached skill level 1 in Air Magic
  1486 | D:2      | Reached skill level 1 in Earth Magic
  1486 | D:2      | Reached skill level 1 in Poison Magic
  1617 | D:3      | Found an ancient bone altar of Kikubaaqudgha.
  1697 | D:3      | Found a burning altar of Makhleb.
  1697 | D:3      | Found a glowing silver altar of Zin.
  1698 | D:3      | Noticed an angel
  1698 | D:3      | Noticed a blizzard demon
  1711 | D:3      | Found a sparkling altar of Nemelex Xobeh.
  1733 | D:3      | Reached XP level 5. HP: 26/47 MP: 6/6
  2098 | D:3      | Found a bloodstained altar of Trog.
  2166 | D:3      | Found an iron altar of Okawaru.
  2283 | D:4      | Found a deep blue altar of Sif Muna.
  2297 | D:4      | Reached XP level 6. HP: 49/53 MP: 8/8
  2350 | D:4      | Reached **** piety under Jiyva
  2380 | D:4      | Gained mutation: You are covered in fur. (AC +1) [Jiyva's
                  | grace]
  2398 | D:4      | Killed Ijyb
  2479 | D:4      | Gained mutation: Your flesh is cold resistant. (rC+)
                  | [Jiyva's grace]
  2495 | D:4      | Reached ***** piety under Jiyva
  2507 | D:4      | Found a staircase to the Ecumenical Temple.
  2610 | D:4      | Found an opulent altar of Gozag.
  2610 | D:4      | Found a basalt altar of Yredelemnul.
  2909 | D:5      | Entered Level 5 of the Dungeon
  2941 | D:5      | Gained mutation: You have a pair of small horns on your
                  | head. [Jiyva's grace]
  2976 | D:5      | Lost mutation: Armour fits poorly on your strangely shaped
                  | body. [Jiyva's grace]
  3301 | D:5      | Noticed an ice beast
  3330 | D:5      | Killed an ice beast
  3640 | D:6      | Reached XP level 7. HP: 38/59 MP: 10/10
  3771 | D:6      | Gained mutation: You are partially covered in molten
                  | scales. (AC +2) [Jiyva's grace]
  3852 | D:6      | Reached ****** piety under Jiyva
  3988 | D:6      | You fall through a shaft for 2 floors!
  3990 | D:8      | Reached skill level 5 in Stealth
  4119 | D:8      | Noticed a hungry ghost
  4157 | D:7      | Killed a hungry ghost
  4157 | D:7      | Reached XP level 8. HP: 35/67 MP: 12/12
  4344 | D:6      | Found a sacrificial altar of Ru.
  4567 | D:7      | Noticed a cyclops
  4568 | D:7      | Hit by a large rock thrown by a cyclops

Vault maps used:
D:1:      kilobyte_arrival_exit_the_forest
D:2:      lemuel_doored_altar, chequers_ecumenical_altar_simple, uniq_natasha
D:3:      grunt_temple_overflow_order_and_chaos_2, lemuel_crystal_altar,
          lemuel_crystal_altar, lemuel_crystal_altar, overflow_temple_1_default
D:4:      old_standard_altar, gammafunk_temple_overflow_elements,
          temple_fountains, first_ration, uniq_ijyb
D:6:      basic_altar
D:7:      kennysheep_mini_moat

Skill      XL: |  1  2  3  4  5  6  7  8 |
---------------+-------------------------+-----
Invocations    | 1 2 3 |  3.5
Short Blades   | 1 2 3 |  3.2
Axes           | 1 2 3 |  3.2
Maces & Flails | 1 2 3 |  3.2
Polearms       | 1 2 3 |  3.2
Staves         | 1 2 3 |  3.2
Slings         | 1 2 3 |  3.2
Bows           | 1 2 3 |  3.2
Crossbows      | 1 2 3 |  3.2
Throwing       | 1 2 3 |  3.2
Armour         | 1 2 3 |  3.2
Shields        | 1 2 3 |  3.2
Unarmed Combat | 1 2 3 |  3.2
Spellcasting   | 1 2 3 |  3.2
Evocations     | 1 2 3 |  3.2
Conjurations   | 1 2 |  2.6
Hexes          | 1 2 |  2.6
Charms         | 1 2 |  2.6
Summonings     | 1 2 |  2.6
Necromancy     | 1 2 |  2.6
Translocations | 1 2 |  2.6
Transmutations | 1 2 |  2.6
Fire Magic     | 1 2 |  2.6
Ice Magic      | 1 2 |  2.6
Air Magic      | 1 2 |  2.6
Earth Magic    | 1 2 |  2.6
Poison Magic   | 1 2 |  2.6
Fighting       | 7 |  7.3
Long Blades    | 7 |  7.3
Dodging        | 7 |  7.3
Stealth        | 5 |  5.3

Action                   |  1- 3 |  4- 6 |  7- 9 || total
-------------------------+-------+-------+-------++-------
Melee: Falchion          |    76 |   135 |    28 ||   239
       Bite              |    15 |    18 |    24 ||    57
       Headbutt          |       |     8 |    31 ||    39
       Spear             |       |       |   113 ||   113
       Punch             |       |       |     2 ||     2
  Use: Scroll            |     3 |       |     1 ||     4
 Stab: Sleeping          |    11 |    11 |     8 ||    30
  Eat: Chunk             |     1 |     1 |     1 ||     3
       Ration            |       |       |     1 ||     1
Armor: Robe              |     3 |    11 |    31 ||    45
Dodge: Dodged            |    35 |    99 |   137 ||   271
       Rpst.: Falchion   |    11 |    27 |     3 ||    41

Table legend:
 A = Non-vault XP
 B = Vault XP
 C = Vault XP percentage of total XP
 D = Non-vault monster count
 E = Vault monster count
 F = Vault count percentage of total count
                 A         B        C        D         E       F
            +---------+---------+-------+---------+---------+-------
      Total |    1709 |      36 |   2.1 |      96 |       1 |   1.0
            +---------+---------+-------+---------+---------+-------
        D:1 |      16 |       0 |   0.0 |      10 |       0 |   0.0
        D:2 |      81 |      36 |  30.8 |      16 |       1 |   5.9
        D:3 |     147 |       0 |   0.0 |      26 |       0 |   0.0
        D:4 |      77 |       0 |   0.0 |       9 |       0 |   0.0
        D:5 |     162 |       0 |   0.0 |       4 |       0 |   0.0
        D:6 |     688 |       0 |   0.0 |      18 |       0 |   0.0
        D:7 |     449 |       0 |   0.0 |       9 |       0 |   0.0
        D:8 |      89 |       0 |   0.0 |       4 |       0 |   0.0
            +---------+---------+-------+---------+---------+-------
